 Dungeon Crawl Stone Soup version 0.29.0-4-gdea44cf6ec (webtiles) character file.

Game seed: 3380024731904130189

64 BadBadger the Cudgeller (level 4, -1/38 HPs)
             Began as a Meteoran Cinder Acolyte on Aug 26, 2022.
             Was a High Priest of Ignis.
             Succumbed to a gnoll's poison
             ... on level 2 of the Dungeon.
             The game lasted 00:06:01 (982 turns).

BadBadger the Cudgeller (Meteoran Cinder Acolyte)    Turns: 982, Time: 00:06:01

Health: -1/38      AC:  9    Str: 16    XL:     4   Next: 58%
Magic:  1/7        EV: 11    Int: 23    God:    Ignis [*****.]
Gold:   23         SH:  0    Dex:  9    Spells: 4/6 levels left

rFire   + . .      SeeInvis .   d - +1 whip (venom)
rCold   . . .      Faith    .   (no shield)
rNeg    . . .      Spirit   .   b - +0 robe
rPois   .          Reflect  .   (no helmet)
rElec   .          Harm     .   (no cloak)
rCorr   .          Rampage  .   (no gloves)
Will    .....                   (no boots)
Stlth   +.........              (no amulet)
HPRegen 0.12/turn               j - +6 ring of intelligence
MPRegen 0.10/turn               (no ring)

@: lethally poisoned (-1 -> -20), fiery-armoured, glowing, invisible (but
backlit and visible)
A: sense surroundings 1, otherworldly, glowing, explore regen
a: Renounce Religion, Fiery Armour, Foxfire Swarm, Rising Flame


You were on level 2 of the Dungeon.
You worshipped Ignis.
Ignis was extremely pleased with you.
You visited 1 branch of the dungeon, and saw 2 of its levels.

You collected 23 gold pieces.

Inventory:

Hand Weapons
 a - a -1 mace of flaming
 d - a +1 whip of venom (weapon)
 e - a +0 mace
Armour
 b - a +0 robe (worn)
Jewellery
 j - a +6 ring of intelligence (left hand)
 o - an amulet of faith
Scrolls
 c - a scroll of blinking
 f - a scroll of identify {unknown}
 g - a scroll of immolation {unknown}
 k - a scroll of brand weapon {unknown}
 l - a scroll of fear {unknown}
 m - a scroll of torment {unknown}
 p - a scroll of summoning {unknown}
Potions
 i - a potion of might {unknown}
 n - a potion of attraction {unknown}


   Skills:
 - Level 3.2 Fighting
 * Level 6.1 Maces & Flails
 + Level 1.2 Dodging
 + Level 0.1 Stealth
 + Level 1.5 Spellcasting
 - Level 3.6 Fire Magic


You had 4 spell levels left.
You knew the following spells:

 Your Spells              Type           Power      Damage    Failure   Level
a - Scorch                Fire           36%        2d6       4%          2

Your spell library contained the following spells:

 Spells                   Type           Power      Damage    Failure   Level


Dungeon Overview and Level Annotations

Branches:
Dungeon (2/15) Zot: 210

Altars:


Innate Abilities, Weirdness & Mutations

You passively map a small area around you.
You are easily found by Zot.
You glow in the dark.
You regain HP and MP as you explore.


Message History

There are monsters nearby!
The gnoll hits you with a +0 spear.
The gnoll is burned terribly!
The gnoll is burned by your cloak of flames.
You kill the gnoll!
You see here a jackal corpse.
You barely miss the gnoll.
A goblin comes into view. It is wielding a +2 dagger of venom.
The gnoll hits you with a +0 whip.
The gnoll is burned by your cloak of flames.
The gnoll is moderately wounded.
Casting: Scorch (safe; 4% risk of failure)
Confirm with . or Enter, or press ? or * to list all spells.
Flames lash the goblin.
You kill the goblin!
A bat comes into view.
The gnoll hits you with a +0 whip.
The gnoll is burned by your cloak of flames.
The gnoll is heavily wounded.
The bat moves out of view.
Casting: Scorch (safe; 4% risk of failure)
Confirm with . or Enter, or press ? or * to list all spells.
Okay, then.
You hit the gnoll.
The gnoll is poisoned.
The gnoll is severely wounded.
The gnoll hits you but does no damage.
The gnoll is burned by your cloak of flames.
You kill the gnoll!
The gnoll hits you but does no damage.
You are poisoned.
Your Maces & Flails skill increases to level 6!
You hit the jackal.
The jackal is poisoned.
The jackal is moderately wounded.
You feel sick. The jackal barely misses you.
The gnoll hits you from afar with a +0 halberd of venom!
* * * LOW HITPOINT WARNING * * *
You are more poisoned.
Unknown command.
It was a potion of invisibility.
You become transparent, but the glow from your body prevents you from becoming completely invisible.
You die...

, .# , ##+#* .# , ....####.# ** ,
, * .........# , .........#*
####, < * , ...g.S.h.+ ...##
......gg.#* #...# , , *
#h#######...# , , * #@##........#
, * , , ,, #.##........# ** *
###'##.......# #+# #.......####.#
#.< ######.........##.#####..
#..............##.....#..
#........รท.....##.....'..
#########...........#####.....#(.
........#...........# #...).###


You could see 2 gnolls, 2 jackals and a ball python.

Vanquished Creatures
  An adder (D:2)
  2 gnolls (D:2)
  2 endoplasms (D:1)
  2 giant cockroaches (D:1)
  3 goblins
  A hobgoblin (D:1)
  4 jackals
  7 kobolds (D:1)
  A quokka (D:1)
  A ball python (D:1)
  2 bats
  4 frilled lizards
  4 rats
  A spectral kobold (D:1)
35 creatures vanquished.

Notes
Turn   | Place    | Note
-------+----------+-------------------------------------------
     0 | D:1      | BadBadger the Meteoran Cinder Acolyte began the quest for
                  | the Orb.
     0 | D:1      | Reached XP level 1. HP: 19/19 MP: 3/3
    69 | D:1      | Reached skill level 1 in Dodging
    70 | D:1      | Reached XP level 2. HP: 11/26 MP: 5/5
   150 | D:1      | Reached XP level 3. HP: 22/31 MP: 6/6
   163 | D:1      | Found a faded altar of an unknown god.
   340 | D:1      | Learned a level 2 spell: Scorch
   366 | D:1      | Reached skill level 5 in Maces & Flails
   489 | D:1      | Glimpsed the power of Zot.
   539 | D:1      | Glimpsed the power of Zot.
   975 | D:2      | Reached XP level 4. HP: 16/38 MP: 7/7
   981 | D:2      | Reached skill level 6 in Maces & Flails
   982 | D:2      | Succumbed to a gnoll's poison

Illustrated notes

Levels and vault maps discovered:
D:1:      scummos_arrival_simple_fountains, layout_loops_ring,
          dreamdust_ecumenical_altar_drowned_temple, dreamdust_princess_bridge
D:2:      cheibrodos_pilgrimage, layout_basic

Skill      XL: |  1  2  3  4 |
---------------+-------------+-----
Dodging        | 1 |  1.2
Maces & Flails | 5 6 |  6.1
Fighting       | |  3.2
Stealth        | |  0.1
Spellcasting   | |  1.5
Fire Magic     | |  3.6

Action                   |  1- 3 |  4- 6 || total
-------------------------+-------+-------++-------
Melee: Mace              |    20 |       ||    20
       Whip              |    42 |     3 ||    45
 Cast: Scorch            |       |     3 ||     3
Invok: Fiery Armour      |     2 |       ||     2
  Use: Scroll            |     1 |       ||     1
       Potion            |       |     1 ||     1
Armor: Robe              |    28 |     2 ||    30
Dodge: Dodged            |    41 |     2 ||    43
